 Dungeon Crawl Stone Soup version 0.23.0 (webtiles) character file.

Game seed: 10223676224560339889

1482874 wineyard the Conqueror (level 27, 300/300 HPs)
             Began as a Centaur Hunter on Feb 13, 2019.
             Was the Champion of Okawaru.
             Escaped with the Orb
             ... and 3 runes on Feb 19, 2019!
             The game lasted 17:22:25 (103122 turns).

wineyard the Conqueror (Centaur Hunter)           Turns: 103122, Time: 17:22:25

Health: 300/300    AC: 51    Str: 26    XL:     27
Magic:  17/17      EV: 18    Int: 16    God:    Okawaru [******]
Gold:   939        SH:  0    Dex: 15    Spells: 14/36 levels left

rFire    + + +     SeeInvis .   a - +8 longbow of Honour {velocity, rC+ Str+2}
rCold    + + .     Gourm    .   (shield currently unavailable)
rNeg     + + .     Faith    .   C - +8 fire dragon scales {Xtahua}
rPois    +         Spirit   .   x - +0 helmet of Greed {rF+ rC+}
rElec    +         Reflect  .   V - +4 dragonskin cloak
rCorr    .         Harm     .   n - +3 pair of gauntlets of War {Slay+5}
MR       ++++.                  N - +10 Black Knight's horse barding {ponderous, rPois rN+}
Stlth    ..........             z - amulet of the acrobat
HPRegen  0.60/turn              Q - ring of Ofrimu {+Inv rElec MR+ MP-9 Int+2}
MPRegen  0.15/turn              p - ring "Ocarheab" {rPois MR+ Str+3}

@: hasted (expiring), very quick
A: large, claws 1, hooves 3, icy blue scales 1, clever 1, deformed body, speed
2, low mp 2, robust 1, screaming 1, tough skin 3, MP-powered wands, sturdy frame
1
0: Orb of Zot
}: 3/15 runes: serpentine, barnacled, silver
a: Heroism, Finesse, Renounce Religion, Evoke Invisibility


You escaped.
You worshipped Okawaru.
Okawaru was exalted by your worship.
You were not hungry.

You visited 10 branches of the dungeon, and saw 50 of its levels.
You also visited: Trove, Gauntlet, Ice Cave and Wizlab.

You collected 9051 gold pieces.
You spent 8112 gold pieces at shops.

Inventory:

Hand Weapons
 a - the +8 longbow of Honour (weapon) {velocity, rC+ Str+2}
   (Okawaru gifted it to you on level 4 of the Shoals)

   Any arrow fired from it inflicts extra damage.
   It affects your strength (+2).
   It protects you from cold.
 b - the +11 longbow of Blood-Lust {freeze, rElec rC++ MR- Str+2}
   (Okawaru gifted it to you on level 3 of the Shoals)

   It causes projectiles fired from it to freeze those they strike, causing
   extra injury to most foes and up to half again as much damage against
   particularly susceptible opponents.
   They can also slow down cold-blooded creatures.
   It affects your strength (+2).
   It greatly protects you from cold.
   It insulates you from electricity.
   It affects your resistance to hostile enchantments.
Missiles
 A - 1855 arrows (quivered)
Armour
 n - the +3 pair of gauntlets of War (worn) {Slay+5}
   (You found it on level 1 of the Shoals)

   It affects your accuracy and damage with ranged weapons and melee attacks
   (+5).
 x - the +0 helmet of Greed (worn) {rF+ rC+}
   (Okawaru gifted it to you on level 2 of the Realm of Zot)

   It protects you from fire.
   It protects you from cold.
 C - +8 fire dragon scales (worn) {Xtahua}
   (You found it on level 3 of the Depths)
 G - a +1 centaur barding of stealth
   (Okawaru gifted it to you on level 5 of the Realm of Zot)
 I - a +1 centaur barding of flying
   (Okawaru gifted it to you in an ice cave)
 N - the +10 Black Knight's horse barding (worn) {ponderous, rPois rN+}
   (Okawaru gifted it to you on level 1 of the Orcish Mines)

   It protects you from poison.
   It protects you from negative energy.
 V - the +4 dragonskin cloak (worn)
   (You took it off Tiamat on level 2 of the Realm of Zot)
Jewellery
 g - the macabre finger necklace {rN+}
   (You found it in a Gauntlet)

   [amulet of nothing]

   It protects you from negative energy.
 l - an uncursed ring of protection from magic
   (You bought it in a shop on level 3 of the Shoals)
 o - the ring of Okob {Wiz rF+ Dex+8}
   (You took it off a deep elf death mage on level 3 of the Elven Halls)

   [ring of wizardry]

   It improves your spell success rate.
   It affects your dexterity (+8).
   It protects you from fire.
 p - the ring "Ocarheab" (right hand) {rPois MR+ Str+3}
   (You took it off a vault sentinel on level 5 of the Vaults)

   [ring of poison resistance]

   It affects your strength (+3).
   It protects you from poison.
   It affects your resistance to hostile enchantments.
 q - the ring "Gutibbu" {-Tele rN+ MP+9 Str+7 Stlth+}
   (You took it off a deep elf demonologist on level 3 of the Elven Halls)

   [ring of magical power]

   It affects your strength (+7).
   It protects you from negative energy.
   It affects your magic capacity (+9).
   It prevents most forms of teleportation.
   It makes you more stealthy.
 z - an amulet of the acrobat (around neck)
   (You acquired it on level 11 of the Dungeon)
 Q - the ring of Ofrimu (left hand) {+Inv rElec MR+ MP-9 Int+2}
   (You bought it in a shop on level 3 of the Shoals)

   [ring of protection from magic]

   It affects your intelligence (+2).
   It insulates you from electricity.
   It affects your resistance to hostile enchantments.
   It affects your magic capacity (-9).
   It lets you turn invisible.
Wands
 c - a wand of disintegration (44)
   (You took it off Maurice on level 12 of the Dungeon)
 d - a wand of iceblast (6)
   (You found it on level 3 of the Realm of Zot)
 h - a wand of clouds (5)
   (You found it on level 3 of the Realm of Zot)
 s - a wand of enslavement (40)
   (You found it on level 1 of the Vaults)
 u - a wand of paralysis (14)
   (You found it on level 7 of the Dungeon)
 v - a wand of digging (23)
   (You found it on level 1 of the Lair of Beasts)
Scrolls
 j - 30 scrolls of remove curse {@r2}
 k - a scroll of fear
 m - 26 scrolls of teleportation {@r4}
 t - 4 scrolls of fog
 w - 5 scrolls of summoning
 y - 3 scrolls of silence
 J - 2 scrolls of enchant armour
 O - 5 scrolls of blinking
 P - 4 scrolls of magic mapping
 Y - 7 scrolls of identify {@r1}
 Z - a scroll of holy word
Potions
 i - 23 potions of curing {@q1}
 r - a potion of heal wounds {@q2}
 B - 10 potions of agility
 D - 2 potions of magic
 H - 2 potions of flight
 L - 4 potions of resistance
 M - 7 potions of mutation {!q}
 R - 4 potions of haste {@q3}
 S - 8 potions of might
 W - 4 potions of cancellation
Miscellaneous
 f - 3 boxes of beasts
 E - a fan of gales
   (You found it on level 6 of the Lair of Beasts)
 F - a lightning rod (4/4) {!a}
   (You found it on level 4 of the Shoals)
 K - a sack of spiders
 T - a lamp of fire
   (You found it in a Gauntlet)
 U - a phial of floods
   (You found it on level 1 of the Elven Halls)
 X - 3 phantom mirrors
Comestibles
 e - 56 rations


   Skills:
 O Level 27 Fighting
   Level 1.0 Short Blades
 - Level 20.0 Bows
 - Level 15.5 Armour
 - Level 18.0 Dodging
 - Level 0.4 Stealth
 - Level 5.0 Spellcasting
 * Level 10.8 Hexes
 * Level 12.1 Summonings
 - Level 5.0 Necromancy
 - Level 7.7 Translocations
 + Level 7.9 Transmutations
 + Level 7.9 Earth Magic
 - Level 9.6 Invocations
 - Level 14.1 Evocations


You had 14 spell levels left.
You knew the following spells:

 Your Spells              Type           Power        Failure   Level  Hunger
a - Corona                Hex            #####..      1%          1    None
b - Blink                 Tloc           N/A          1%          2    #......
c - Apportation           Tloc           ####..       1%          1    None
d - Summon Butterflies    Summ           #####...     1%          1    None
e - Passwall              Tmut/Erth      ####....     1%          2    #......
f - Regeneration          Chrm/Necr      ##........   26%         3    ###....
p - Portal Projectile     Hex/Tloc       ####..       1%          3    ###....
v - Summon Mana Viper     Hex/Summ       #####...     6%          5    ######.
x - Confuse               Hex            #####...     1%          3    ###....
z - Animate Skeleton      Necr           N/A          3%          1    None

Your spell library contained the following spells:

 Spells                   Type           Power        Failure   Level  Hunger
 Confusing Touch          Hex            #####.       1%          1    None
 Summon Small Mammal      Summ           ####         1%          1    None
 Call Imp                 Summ           #####...     1%          2    #......
 Slow                     Hex            #####...     1%          2    #......
 Call Canine Familiar     Summ           #####...     1%          3    ###....
 Summon Guardian Golem    Hex/Summ       #####...     1%          3    ###....
 Tukima's Dance           Hex            #####...     1%          3    ###....
 Cause Fear               Hex            #####.....   2%          4    ####...
 Gell's Gravitas          Tloc           ####......   3%          3    ###....
 Lesser Beckoning         Tloc           ####......   3%          3    ###....
 Corpse Rot               Necr           N/A          4%          2    #......
 Ensorcelled Hibernation  Hex/Ice        ###...       4%          2    #......
 Sublimation of Blood     Necr           ###.......   4%          2    #......
 Leda's Liquefaction      Hex/Erth       ####......   4%          4    ####...
 Shroud of Golubria       Chrm/Tloc      ###.......   8%          2    #......
 Dazzling Spray           Conj/Hex       ###...       8%          3    ###....
 Inner Flame              Hex/Fire       ###.....     8%          3    ###....
 Spectral Weapon          Hex/Chrm       ###.....     8%          3    ###....
 Petrify                  Tmut/Erth      ####....     9%          4    ####...
 Yara's Violent Unravell  Hex/Tmut       ####......   14%         5    ######.
 Summon Ice Beast         Ice/Summ       ###.....     21%         4    ####...
 Summon Lightning Spire   Summ/Air       ###.....     21%         4    ####...
 Flame Tongue             Conj/Fire      #....        24%         1    None
 Freeze                   Ice            #...         24%         1    None
 Infusion                 Chrm           #...         24%         1    None
 Magic Dart               Conj           #...         24%         1    None
 Shock                    Conj/Air       #...         24%         1    None
 Sting                    Conj/Pois      #...         24%         1    None
 Ignite Poison            Fire/Tmut/Pois ##......     24%         3    ###....
 Fulminant Prism          Conj/Hex       ###.......   26%         4    ####...
 Lee's Rapid Deconstruct  Erth           ####......   26%         5    ######.
 Animate Dead             Necr           N/A          30%         4    ####...
 Poisonous Vapours        Pois/Air       #.....       34%         2    #......
 Searing Ray              Conj           #.....       34%         2    #......
 Song of Slaying          Chrm           #.......     34%         2    #......
 Swiftness                Chrm/Air       #.......     34%         2    #......
 Throw Flame              Conj/Fire      #.....       34%         2    #......
 Throw Frost              Conj/Ice       #.....       34%         2    #......
 Darkness                 Hex            #####.....   41%         6    #######
 Invisibility             Hex            #####...     41%         6    #######
 Force Lance              Conj/Tloc      ###.....     43%         4    ####...
 Ice Form                 Ice/Tmut       ###.....     43%         4    ####...
 Conjure Flame            Conj/Fire      #.......     56%         3    ###....
 Mephitic Cloud           Conj/Pois/Air  #.......     56%         3    ###....
 Static Discharge         Conj/Air       #.......     56%         3    ###....
 Metabolic Englaciation   Hex/Ice        ###.......   58%         5    ######.
 Silence                  Hex/Air        ###.......   58%         5    ######.
 Agony                    Necr           ###.....     63%         5    ######.
 Dispel Undead            Necr           ###.....     63%         5    ######.
 Alistair's Intoxication  Tmut/Pois      ###.....     78%         5    ######.
 Irradiate                Conj/Tmut      ###.......   78%         5    ######.
 Hydra Form               Tmut           ####......   80%         6    #######
 Statue Form              Tmut/Erth      ####.....    80%         6    #######
 Monstrous Menagerie      Summ           #####.....   80%         7    #######
 Summon Greater Demon     Summ           #####.....   80%         7    #######
 Summon Hydra             Summ           #####.....   80%         7    #######
 Bolt of Magma            Conj/Fire/Erth ##........   92%         5    ######.
 Airstrike                Air            #.........   93%         4    ####...
 Iskenderun's Mystic Bla  Conj           #.......     93%         4    ####...
 Olgreb's Toxic Radiance  Pois           #.......     93%         4    ####...
 Sticky Flame             Conj/Fire      #.......     93%         4    ####...
 Bolt of Draining         Conj/Necr      ##........   93%         5    ######.
 Excruciating Wounds      Chrm/Necr      ##........   93%         5    ######.
 Malign Gateway           Summ/Tloc      #####.....   98%         7    #######
 Fireball                 Conj/Fire      #.........   100%        5    ######.
 Lightning Bolt           Conj/Air       #.........   100%        5    ######.
 Venom Bolt               Conj/Pois      #.........   100%        5    ######.
 Bolt of Cold             Conj/Ice       #.........   100%        6    #######
 Bolt of Fire             Conj/Fire      #.........   100%        6    #######
 Conjure Ball Lightning   Conj/Air       #.........   100%        6    #######
 Deflect Missiles         Chrm/Air       #.........   100%        6    #######
 Freezing Cloud           Conj/Ice/Air   #.........   100%        6    #######
 Ozocubu's Refrigeration  Ice            #.........   100%        6    #######
 Simulacrum               Ice/Necr       ##........   100%        6    #######
 Dragon Form              Tmut           ####......   100%        7    #######
 Discord                  Hex            #####.....   100%        8    #######
 Ignition                 Fire           #.........   100%        8    #######
 Summon Horrible Things   Summ           #####.....   100%        8    #######
 Shatter                  Erth           ####......   100%        9    #######
 Tornado                  Air            #.........   100%        9    #######
 Passage of Golubria      Tloc           Unusable     N/A         4    N/A

Dungeon Overview and Level Annotations

Branches:
Dungeon (15/15)            Temple (1/1) D:5            Lair (6/6) D:11
 Shoals (4/4) Lair:4        Snake (4/4) Lair:3        Slime (0/5) Lair:5
    Orc (2/2) D:9             Elf (3/3) Orc:2        Vaults (5/5) D:14
  Crypt (0/3) Vaults:3     Depths (5/5) D:15            Zot (5/5) Depths:5

Altars:
Ashenzari
Cheibriados
Dithmenos
Elyvilon
Fedhas
Gozag
Hepliaklqana
Kikubaaqudgha
Makhleb
Nemelex Xobeh
Okawaru
Qazlal
Ru
Sif Muna
Trog
Uskayaw
Vehumet
Wu Jian
Xom
Yredelemnul
Zin
The Shining One
Beogh

Shops:
Orc:2 [*:*(   Shoals:1 !   Shoals:3 =   Snake:1 !   Vaults:1 }   Vaults:2 [
Vaults:3 %%**[   Depths:1 ::%   Depths:4 %![*

Portals:
Hell: Depths:1 Depths:2 Depths:3 Depths:4 Depths:5
Abyss: Depths:1 Depths:3 Depths:4 Depths:5
Pandemonium: Depths:1 Depths:3 Depths:4
Ziggurat: Depths:4

Annotations:
Shoals:2 1 runed translucent door, Jafont's ghost, journeyman HOFE
Snake:2 exclusion: Roxanne, Roxanne
Elf:1 2 runed translucent doors, SlowGraham's ghost, veteran FoEE
Elf:2 exclusion: 4 doors


Innate Abilities, Weirdness & Mutations

You have hooves in place of feet.
Armour fits poorly on your strangely shaped body.
You cover ground very quickly.
You have extremely tough skin. (AC +3)
You have sharp fingernails.
You are partially covered in icy blue scales. (AC +2)
Your mind is acute. (Int +2)
Your magical capacity is very low. (-20% MP)
You are robust. (+10% HP)
You occasionally shout uncontrollably at your foes.
You expend magic power (3 MP) to strengthen your wands.
Your movements are slightly less encumbered by armour. (ER -2)


Message History

Your mana viper dies!
Your mana viper closely misses the Executioner.
There is a stone staircase leading up here.
The Executioner completely misses you.
The Executioner hits you but does no damage.
The Executioner misses you. The Executioner hits you.
The Executioner hits you but does no damage. x2
You climb upwards.
There is a stone staircase leading down here.
(D) Dungeon (T) Temple (L) Lair (A) Shoals (P) Snake Pit (M) Slime Pits (O) Orcish Mines (E) Elven Halls (V) Vaults (C) Crypt (U) Depths (H) Hell (Z) Zot
Where to? (* - list waypoints, Enter - D:1 @ (x,y), ? - help)
Okay, then.
You feel yourself speed up.
(D) Dungeon (T) Temple (L) Lair (A) Shoals (P) Snake Pit (M) Slime Pits (O) Orcish Mines (E) Elven Halls (V) Vaults (C) Crypt (U) Depths (H) Hell (Z) Zot
Where to? (* - list waypoints, Enter - D:1 @ (x,y), ? - help)
Your magical contamination has completely faded away.
A hellephant comes into view.
Here: a hellephant The floor.
Things that are here:
a +0 club; a cursed -2 club
There is a stone staircase leading up here.
(D) Dungeon (T) Temple (L) Lair (A) Shoals (P) Snake Pit (M) Slime Pits (O) Orcish Mines (E) Elven Halls (V) Vaults (C) Crypt (U) Depths (H) Hell (Z) Zot
Where to? (* - list waypoints, Enter - D:1 @ (x,y), ? - help)
Your extra speed is starting to run out.
There is a stone staircase leading up here.
You climb upwards.
There is a stone staircase leading down here.
You feel yourself slow down.
You feel yourself speed up.
(D) Dungeon (T) Temple (L) Lair (A) Shoals (P) Snake Pit (M) Slime Pits (O) Orcish Mines (E) Elven Halls (V) Vaults (C) Crypt (U) Depths (H) Hell (Z) Zot
Where to? (* - list waypoints, Enter - D:1 @ (x,y), ? - help)
There is a stone staircase leading up here.
You climb upwards.
There is a stone staircase leading down here.
Your extra speed is starting to run out.
There is a staircase leading out of the dungeon here.
You have escaped!

#.......#.#
##.....#.#.####
..............#
.#......#####.##
#######.# #..#
#.# ##.## #.#
#..# #.# ##.##
#.# #.@# #.#
#### #.# # #.#
#######.#
........#
######### #


There were no monsters in sight!

Vanquished Creatures
  Tiamat (Zot:2)
  5 orbs of fire
  7 ancient liches
  Sojobo (Depths:1)
  3 Killer Klowns (Zot:5)
  Saint Roka (Depths:2)
  Xtahua (Depths:3)
  3 curse toes
  A caustic shrike (Depths:2)
  11 golden dragons
  Nikola (Depths:2)
  A bone dragon (Depths:5)
  2 electric golems
  5 liches
  32 tentacled monstrosities
  An Ice Fiend (IceCv)
  26 Orb Guardians
  Asterion (Snake:2)
  6 titans
  2 deep elf master archers (Elf:3)
  A deep elf blademaster (Elf:2)
  7 quicksilver dragons
  20 death cobs
  Polyphemus (Shoals:4)
  4 sphinxes
  An ancient champion (WizLab)
  3 krakens
  16 tengu reavers
  7 shadow dragons
  12 storm dragons
  Kirke (Lair:5)
  6 nagarajas
  Ilsuiw (Shoals:3)
  3 draconian monks
  3 frost giants
  6 fire giants
  6 ghost moths
  12 deep elf sorcerers
  8 draconian knights
  3 orc warlords
  13 vault wardens
  Louise (Snake:2)
  2 balrugs (Depths:1)
  A deep elf elementalist (Elf:3)
  3 draconian stormcallers
  10 ironheart preservers
  7 draconian scorchers
  4 draconian shifters
  A war gargoyle (Vaults:5)
  5 draconian annihilators
  4 spriggan defenders (Depths:5)
  17 stone giants
  24 very ugly things
  2 vampire knights
  2 entropy weavers (Lair:6)
  11 green draconians
  A minotaur (Gauntlet)
  Azrael (Elf:2)
  7 black draconians
  10 deep elf demonologists
  13 red draconians
  6 dire elephants
  9 spark wasps
  10 deep elf annihilators
  11 white draconians
  11 yellow draconians
  8 purple draconians
  Snorg (Lair:6)
  16 ettins
  5 merfolk javelineers
  Josephine (D:9)
  7 deep elf death magi
  5 jiangshi
  8 merfolk impalers
  10 fire dragons
  19 yaktaur captains
  4 deep elf high priests
  6 great orbs of eyes
  31 vault guards
  14 ice dragons
  Erolcha (D:12)
  15 naga warriors
  Fannar (D:10)
  A quicksilver dragon skeleton (Depths:4)
  6 spriggan air magi
  Harold (Orc:1)
  5 hydras
  12 rakshasas
  A catoblepas (Shoals:4)
  3 merfolk avatars
  4 death knights
  3 death yaks (Shoals:4)
  Erica (Lair:2)
  5 satyrs
  2 merfolk aquamancers
  11 ogre magi
  14 anacondas
  13 centaur warriors
  34 two-headed ogres
  2 alligator snapping turtles
  6 vampire magi
  A queen ant (Lair:6)
  7 deep troll earth magi
  A death yak (shapeshifter) (Vaults:5)
  13 tengu warriors
  9 naga sharpshooters
  15 dancing weapons
  5 spriggan berserkers
  Urug (Lair:1)
  2 titan zombies
  7 deep troll shamans
  2 shock serpents (Snake:4)
  3 orc high priests
  5 hell knights
  A soul eater (Gauntlet)
  21 deep elf knights
  2 sun demons (Depths:1)
  2 titan skeletons (Vaults:5)
  6 iron trolls
  13 skeletal warriors
  2 fire crabs (shapeshifter)
  A shadow wraith (Vaults:3)
  A sixfirhy (Depths:1)
  A salamander mystic (Snake:3)
  19 deep trolls
  3 flayed ghosts
  A glowing orange brain (shapeshifter) (Depths:2)
  15 sea snakes
  3 unseen horrors
  A glowing orange brain (Depths:5)
  8 naga ritualists
  5 wizards
  2 wolf spider zombies (D:15)
  An orange crystal statue (Zot:5)
  20 orc knights
  23 deep elf archers
  A tengu zombie (Depths:3)
  19 ironbrand convokers
  5 phantasmal warriors
  43 harpies
  50 deep elf magi
  6 wolf spiders
  6 necromancers
  The ghost of bonscott the Zephyrmancer, a novice TeAE of Vehumet (D:9)
  19 fauns
  A stone giant zombie (Vaults:2)
  7 orc sorcerers
  A harpy (shapeshifter) (Vaults:2)
  11 salamanders
  9 mana vipers
  4 cyclopes
  37 ugly things
  A spriggan zombie (Depths:4)
  A human zombie (Vaults:2)
  18 moths of wrath
  11 manticores
  2 stone giant skeletons
  8 merfolk sirens
  49 black mambas
  A guardian serpent (shapeshifter) (Vaults:1)
  6 naga magi
  Maurice (D:12)
  9 elephants
  4 water nymphs
  3 guardian serpents
  2 rust devils
  Psyche (D:12)
  7 ice statues
  17 vault sentinels
  A fire giant skeleton (Vaults:3)
  A smoke demon (Depths:1)
  9 spiny frogs
  A storm dragon simulacrum (Depths:3)
  2 centaur skeletons
  2 gargoyles
  3 kobold demonologists
  A rime drake (shapeshifter) (Vaults:1)
  3 rime drakes
  54 yaktaurs
  11 komodo dragons
  An efreet (D:13)
  6 freezing wraiths
  A golden dragon simulacrum (IceCv)
  A spark wasp simulacrum (Depths:4)
  8 tengu conjurers
  2 anaconda simulacra (IceCv)
  9 ice devils
  A tormentor (Depths:4)
  2 elves (Depths:4)
  2 yaktaur skeletons
  12 trolls
  A red devil (Depths:4)
  33 merfolk
  A queen bee (shapeshifter) (Vaults:5)
  5 wind drakes
  11 hornets
  A wind drake (shapeshifter) (Vaults:4)
  2 frost giant simulacra
  17 hippogriffs
  A snapping turtle (shapeshifter) (Depths:4)
  A raiju (shapeshifter) (Depths:1)
  A shadow dragon simulacrum (Depths:3)
  A hippogriff (shapeshifter) (Depths:2)
  11 snapping turtles
  10 blink frogs
  28 slime creatures
  5 dream sheep (Lair:1)
  An ettin zombie (Vaults:2)
  A fire giant simulacrum (Vaults:3)
  A dire elephant simulacrum (IceCv)
  A spriggan (shapeshifter) (Depths:3)
  39 yaks
  6 shadows
  2 ynoxinuls
  8 spriggans
  15 water elementals
  2 wyverns (D:14)
  6 vampires
  4 air elementals
  2 yaks (shapeshifter)
  9 wraiths
  8 fire elementals
  2 humans (shapeshifter)
  4 basilisks
  4 hogs (Lair:5)
  A steam dragon (D:12)
  A chaos spawn (Depths:4)
  A neqoxec (Depths:1)
  2 vampire mosquitoes (D:14)
  7 acid dragons
  3 harpy simulacra (IceCv)
  46 nagas
  7 wargs
  An elf skeleton (Vaults:5)
  23 soldier ants (Lair:6)
  16 water moccasins
  An iron troll simulacrum (IceCv)
  5 hell hounds
  Duvessa (D:4)
  2 hydra simulacra (IceCv)
  8 porcupines
  4 two-headed ogre zombies (WizLab)
  A floating eye (Depths:2)
  65 orc warriors
  A meliai simulacrum (D:15)
  2 ettin simulacra
  5 sky beasts
  3 phantoms
  5 ice beasts
  An elf zombie (Vaults:5)
  A hornet zombie (D:15)
  2 black bears
  2 necrophages
  An eye of draining (shapeshifter) (Vaults:4)
  23 ogres
  An eye of draining (D:13)
  30 centaurs
  14 boggarts
  20 wolves
  A tengu (shapeshifter) (Vaults:5)
  2 human skeletons
  A crocodile (shapeshifter) (Elf:1)
  8 crocodiles
  A big kobold (D:12)
  16 bullfrogs
  5 earth elementals
  3 scorpions
  A wyvern skeleton (D:14)
  7 troll zombies (WizLab)
  Dowan (D:4)
  A water moccasin skeleton (D:7)
  8 killer bees
  An elf simulacrum (Vaults:3)
  An oklob sapling (D:5)
  31 wights
  2 howler monkeys
  7 centaur zombies
  5 electric eels
  6 crimson imps
  2 bullfrog zombies
  A yaktaur simulacrum (Vaults:1)
  4 hounds
  2 human simulacra (Vaults:1)
  17 orc priests
  4 bullfrog skeletons
  6 jellies
  2 iron imps (Gauntlet)
  5 iguanas
  26 orc wizards
  32 worker ants
  6 ogre zombies (WizLab)
  A spectral hound (Depths:4)
  3 hound skeletons
  7 gnolls
  A howler monkey skeleton (D:9)
  16 adders
  7 shadow imps
  A worm (D:4)
  2 dart slugs
  A leopard gecko (D:2)
  93 orcs
  5 bats
  5 giant cockroaches
  6 goblins
  10 hobgoblins
  5 jackals
  7 quokkas
  6 frilled lizards
  A frilled lizard (shapeshifter) (Vaults:5)
  14 kobolds
  9 rats
  A fungus (Lair:6)
  6 plants
  6 tentacles
2388 creatures vanquished.

Vanquished Creatures (collateral kills)
  An ancient lich (Zot:5)
  A golden dragon (Zot:3)
  Frederick (Depths:3)
  A quicksilver dragon (Zot:3)
  A titan (Vaults:4)
  A death cob (Zot:3)
  A tengu reaver (Vaults:4)
  A shadow dragon (Zot:4)
  A storm dragon (Zot:3)
  2 nagarajas (Snake:4)
  An orc warlord (Depths:4)
  2 deep elf elementalists (Elf:3)
  2 very ugly things
  A green draconian (Zot:3)
  A black draconian (Zot:2)
  A purple draconian (Zot:4)
  A spark wasp (Depths:5)
  A merfolk javelineer (Shoals:4)
  An ettin (Depths:4)
  A jiangshi (Depths:2)
  A spriggan air mage (Depths:5)
  A rakshasa (Depths:1)
  An ice dragon (Depths:2)
  2 vault guards
  3 naga warriors
  2 merfolk avatars
  A two-headed ogre (Vaults:4)
  2 deep troll shamans (Depths:5)
  A tengu warrior (Depths:3)
  A titan zombie (Depths:3)
  3 naga sharpshooters (Snake:1)
  A vampire mage (Depths:4)
  A skeletal warrior (Vaults:1)
  A salamander mystic (Snake:3)
  A sea snake (Shoals:2)
  A wizard (Vaults:1)
  2 deep trolls
  2 naga ritualists
  An orc knight (Vaults:1)
  4 harpies (Shoals:1)
  A deep elf mage (Elf:1)
  2 manticores (Shoals:1)
  3 fauns
  2 ugly things
  A cyclops (D:12)
  3 salamanders
  A moth of wrath (Zot:5)
  A merfolk siren (Shoals:3)
  2 water nymphs
  A frost giant skeleton (Depths:3)
  2 naga magi
  3 vault sentinels
  A yaktaur (Depths:2)
  3 merfolk
  A troll (Orc:1)
  A tengu conjurer (Depths:3)
  2 wind drakes
  A hornet (Vaults:4)
  3 slime creatures
  A snapping turtle (Shoals:4)
  2 water elementals (Shoals:2)
  A human (Depths:4)
  4 nagas
  A warg (Vaults:3)
  A wolf (Depths:4)
  An orc priest (Orc:2)
  A spectral hound (Depths:4)
  An orc (Orc:2)
  10 plants
112 creatures vanquished.

Vanquished Creatures (others)
  A red draconian (Zot:1)
  2 yaktaur captains
  A centaur warrior (D:15)
  An anaconda (Snake:3)
  A merfolk aquamancer (Shoals:2)
  A naga sharpshooter (Snake:4)
  A deep elf archer (Elf:3)
  3 yaktaurs
  A merfolk (Shoals:3)
  An ogre (Vaults:5)
  A centaur (D:13)
  2 demonic plants (Gauntlet)
  17 fungi
  90 plants
  20 tentacles
143 creatures vanquished.

Grand Total: 2643 creatures vanquished

Notes
Turn   | Place    | Note
-------+----------+-------------------------------------------
     0 | D:1      | wineyard the Centaur Hunter began the quest for the Orb.
     0 | D:1      | Reached XP level 1. HP: 17/17 MP: 1/1
   518 | D:1      | Reached XP level 2. HP: 24/24 MP: 2/2
  1272 | D:2      | Reached XP level 3. HP: 27/29 MP: 3/3
  2493 | D:3      | Reached skill level 1 in Short Blades
  2556 | D:3      | Reached XP level 4. HP: 36/36 MP: 4/4
  2714 | D:3      | Reached XP level 5. HP: 41/41 MP: 5/5
  3467 | D:4      | Found a snail-covered altar of Cheibriados.
  3758 | D:4      | Noticed Duvessa
  3922 | D:4      | Reached XP level 6. HP: 47/48 MP: 6/6
  4176 | D:4      | Reached skill level 10 in Bows
  4658 | D:4      | Noticed Dowan
  4663 | D:4      | Killed Dowan
  4743 | D:4      | Killed Duvessa
  4743 | D:4      | Reached XP level 7. HP: 55/55 MP: 7/7
  5012 | D:5      | Entered Level 5 of the Dungeon
  5012 | D:5      | Found a staircase to the Ecumenical Temple.
  5857 | D:5      | Found a radiant altar of Vehumet.
  5859 | D:5      | Identified Vehumet's Reference Book on Battle Magic
  5862 | D:5      | Found an ancient bone altar of Kikubaaqudgha.
  5863 | D:5      | Found a deep blue altar of Sif Muna.
  6586 | D:5      | Found a burning altar of Makhleb.
  6639 | D:5      | Reached XP level 8. HP: 61/61 MP: 8/8
  6865 | Temple   | Entered the Ecumenical Temple
  7271 | D:6      | Found a snail-covered altar of Cheibriados.
  7271 | D:6      | Found an iron altar of Okawaru.
  7276 | D:6      | Found a shadowy altar of Dithmenos.
  7279 | D:6      | Became a worshipper of Warmaster Okawaru
  7329 | D:6      | Found a sacrificial altar of Ru.
  7330 | D:6      | Found an opulent altar of Gozag.
  8390 | D:6      | Reached * piety under Okawaru
  8719 | D:7      | Reached skill level 1 in Armour
  8719 | D:7      | Reached skill level 1 in Invocations
  8926 | D:7      | Reached skill level 3 in Fighting
  9251 | D:7      | Reached XP level 9. HP: 50/70 MP: 10/10
  9727 | D:7      | Reached ** piety under Okawaru
 10414 | D:8      | Reached skill level 4 in Fighting
 10737 | D:8      | Reached skill level 1 in Evocations
 11726 | D:8      | Reached skill level 5 in Fighting
 11960 | D:8      | Reached skill level 5 in Invocations
 12283 | D:8      | Reached *** piety under Okawaru
 12490 | D:9      | Found a bloodstained altar of Trog.
 12493 | D:9      | Found a stormy altar of Qazlal.
 12511 | D:9      | Noticed a two-headed ogre
 12595 | D:9      | Found a shattered altar of Ashenzari.
 12632 | D:9      | Found a staircase to the Orcish Mines.
 12660 | D:8      | Reached XP level 10. HP: 81/81 MP: 13/13
 14297 | D:8      | Reached skill level 5 in Evocations
 14551 | D:9      | Found a runed translucent gate.
 14551 | D:9      | Found a runed translucent gate.
 14551 | D:9      | Found a runed translucent gate.
 14552 | D:9      | Noticed a ten-headed hydra
 14553 | D:9      | Noticed bonscott's ghost (novice TeAE)
 14592 | D:9      | Killed a two-headed ogre
 14592 | D:9      | Reached **** piety under Okawaru
 14592 | D:9      | Reached skill level 6 in Fighting
 14725 | D:9      | Found a white marble altar of Elyvilon.
 14730 | D:9      | Found a basalt altar of Yredelemnul.
 14891 | D:10     | Entered Level 10 of the Dungeon
 15039 | D:10     | Identified a scroll of acquirement
 15119 | D:9      | Received a gift from Okawaru
 15499 | D:10     | Noticed Fannar
 15561 | D:10     | Killed Fannar
 15561 | D:10     | Received a gift from Okawaru
 15561 | D:10     | Reached skill level 15 in Bows
 15721 | D:10     | Noticed a gargoyle
 15737 | D:10     | Killed a gargoyle
 15754 | D:10     | Noticed a two-headed ogre
 15770 | D:10     | Killed a two-headed ogre
 15770 | D:10     | Received a gift from Okawaru
 15770 | D:10     | Reached XP level 11. HP: 89/89 MP: 15/15
 15821 | D:10     | Reached ***** piety under Okawaru
 16567 | D:11     | Found a staircase to the Lair.
 16766 | Lair:1   | Entered Level 1 of the Lair of Beasts
 16918 | Lair:1   | Noticed Urug
 16929 | Lair:1   | Killed Urug
 16929 | Lair:1   | Received a gift from Okawaru
 17408 | Lair:1   | Received a gift from Okawaru
 18820 | Lair:2   | Reached XP level 12. HP: 96/96 MP: 15/17
 18964 | Lair:2   | Noticed Erica
 19574 | Lair:2   | Killed Erica
 20196 | Lair:3   | Got a transparent steel ring
 20197 | Lair:3   | Identified the ring "Onoap" {rElec EV+6} (You found it on
                  | level 3 of the Lair of Beasts)
 20219 | Lair:3   | Received a gift from Okawaru
 20368 | Lair:3   | Found a staircase to the Snake Pit.
 20989 | Lair:4   | Noticed a four-headed hydra
 21013 | Lair:3   | Killed a four-headed hydra
 21391 | Lair:4   | Noticed a seven-headed hydra
 21394 | Lair:4   | Killed a seven-headed hydra
 21394 | Lair:4   | Received a gift from Okawaru
 21394 | Lair:4   | Reached skill level 5 in Armour
 21856 | Lair:4   | Received a gift from Okawaru
 22123 | Lair:4   | Reached skill level 7 in Fighting
 22203 | Lair:4   | Found a staircase to the Shoals.
 22581 | Lair:5   | Found a shimmering altar of Xom.
 22646 | Lair:5   | Noticed Sonja
 22649 | Lair:5   | Noticed Sonja
 22649 | Lair:5   | Sonja changed into Sonja the spriggan
 22656 | Lair:5   | Killed Sonja the spriggan
 22731 | Lair:5   | Received a gift from Okawaru
 22751 | Lair:5   | Got a jewelled ring mail
 22861 | Lair:5   | Reached XP level 13. HP: 105/105 MP: 19/19
 22979 | Lair:5   | Received a gift from Okawaru
 22980 | Lair:5   | Noticed Kirke
 23018 | Lair:5   | Noticed Nessos
 23028 | Lair:5   | Noticed Nessos
 23028 | Lair:5   | Nessos changed into Nessos the mana viper
 23357 | Lair:5   | Killed Nessos the mana viper
 23378 | Lair:5   | Got a jewelled leather armour
 23511 | Lair:5   | Killed Kirke
 23525 | Lair:5   | Found a staircase to the Slime Pits.
 23695 | Lair:5   | Identified the +4 ring mail "Ybuug" {rCorr Stlth+} (You
                  | found it on level 5 of the Lair of Beasts)
 23696 | Lair:5   | Identified the +5 leather armour of Neoff {MR++ Int-4 Dex-5
                  | Slay+6} (You found it on level 5 of the Lair of Beasts)
 23727 | Lair:6   | Entered Level 6 of the Lair of Beasts
 23783 | Lair:6   | Learned a level 1 spell: Animate Skeleton
 23800 | Lair:5   | Learned a level 1 spell: Apportation
 24052 | Lair:6   | Received a gift from Okawaru
 24052 | Lair:6   | Reached skill level 1 in Necromancy
 24129 | Lair:6   | Reached skill level 8 in Fighting
 24402 | Lair:6   | Noticed Snorg
 24413 | Lair:6   | Killed Snorg
 24413 | Lair:6   | Reached skill level 1 in Spellcasting
 24529 | Lair:6   | Noticed an entropy weaver
 24739 | Lair:6   | Noticed an entropy weaver
 24750 | Lair:6   | Killed an entropy weaver
 25091 | Lair:6   | Killed an entropy weaver
 25091 | Lair:6   | Reached ****** piety under Okawaru
 25781 | Lair:6   | Received a gift from Okawaru
 25781 | Lair:6   | Reached skill level 9 in Fighting
 25781 | Lair:6   | Reached XP level 14. HP: 117/118 MP: 21/21
 25782 | Lair:6   | Got a shimmering centaur barding {god gift}
 25819 | Lair:5   | Identified the +0 centaur barding of Tomorrow {rN+}
                  | (Okawaru gifted it to you on level 6 of the Lair of Beasts)
 26566 | D:12     | Found a portal to a secret trove of treasure.
 26566 | D:12     | Noticed Psyche
 26566 | D:12     | Noticed Maurice
 26569 | D:12     | Killed Psyche
 26852 | D:12     | Noticed Erolcha
 27223 | D:11     | Got a flickering jade ring
 27333 | D:12     | Killed Maurice
 27357 | D:12     | Reached skill level 5 in Necromancy
 27597 | D:12     | Killed Erolcha
 27772 | D:12     | Reached skill level 1 in Translocations
 28245 | D:9      | Identified the ring of Happiness {rPois Str+4 Dex+3 Slay-6}
                  | (You acquired it on level 11 of the Dungeon)
 28253 | Orc:1    | Entered Level 1 of the Orcish Mines
 28253 | Orc:1    | Noticed Josephine
 28508 | D:9      | Killed Josephine
 28521 | D:9      | Found a bloodstained altar of Trog.
 28545 | D:9      | Found a runed translucent gate.
 28563 | D:9      | Found a runed translucent gate.
 28565 | D:9      | Found a runed translucent gate.
 28655 | D:9      | Found a white marble altar of Elyvilon.
 28659 | D:9      | Found a basalt altar of Yredelemnul.
 28691 | D:9      | Found a shattered altar of Ashenzari.
 28781 | D:9      | Found a stormy altar of Qazlal.
 28879 | D:9      | Killed bonscott's ghost
 29243 | D:9      | Reached skill level 10 in Fighting
 29552 | Orc:1    | Noticed Harold
 29574 | Orc:1    | Killed Harold
 29638 | Orc:1    | Received a gift from Okawaru
 29639 | Orc:1    | Found the +10 Black Knight's horse barding {ponderous,
                  | rPois rN+}
 29914 | Orc:2    | Entered Level 2 of the Orcish Mines
 29914 | Orc:2    | Found Deducef's Assorted Antiques.
 30038 | Orc:2    | Reached skill level 10 in Armour
 30230 | Orc:2    | Noticed an orc warlord
 30275 | Orc:1    | Killed an orc warlord
 30695 | Orc:2    | Found Ilioteem's General Store.
 30731 | Orc:2    | Found Licaink's Antique Weapon Boutique.
 30864 | Orc:2    | Found a roughly hewn altar of Beogh.
 31008 | Orc:2    | Noticed an orc warlord
 31067 | Orc:2    | Killed an orc warlord
 31155 | Orc:2    | Reached XP level 15. HP: 128/128 MP: 22/22
 31168 | Orc:2    | Found Ryosul's Antique Armour Shoppe.
 31208 | Orc:2    | Found Odghodeb's Book Shoppe.
 31236 | Orc:2    | Found a staircase to the Elven Halls.
 31239 | Orc:2    | Bought a scroll labeled YDOMME KINWEV for 35 gold pieces
 31769 | Orc:2    | Bought a book of Debilitation for 600 gold pieces
 31773 | Orc:2    | Learned a level 3 spell: Portal Projectile
 31794 | Orc:2    | Bought an embroidered scarf for 288 gold pieces
 31794 | Orc:2    | Bought a pair of embroidered gloves for 270 gold pieces
 32104 | Snake:1  | Entered Level 1 of the Snake Pit
 32223 | Snake:1  | Reached skill level 1 in Hexes
 32466 | Snake:1  | Reached skill level 11 in Fighting
 32502 | Snake:1  | Received a gift from Okawaru
 32698 | Snake:1  | Received a gift from Okawaru
 32848 | Snake:1  | Received a gift from Okawaru
 33297 | Snake:1  | Found Peant's Distillery.
 33311 | Snake:1  | Received a gift from Okawaru
 33312 | Snake:1  | Got a crude fustibalus {god gift}
 33339 | Snake:1  | Bought a potion of haste for 120 gold pieces
 33339 | Snake:1  | Bought a potion of might for 48 gold pieces
 33339 | Snake:1  | Bought 2 potions of heal wounds for 120 gold pieces
 33339 | Snake:1  | Bought a potion of heal wounds for 60 gold pieces
 33339 | Snake:1  | Bought a potion of heal wounds for 60 gold pieces
 33339 | Snake:1  | Bought a potion of might for 48 gold pieces
 33339 | Snake:1  | Bought a potion of invisibility for 96 gold pieces
 33345 | Snake:1  | Identified the +8 fustibalus of Compound Interest
                  | {velocity, MR+} (Okawaru gifted it to you on level 1 of the
                  | Snake Pit)
 33791 | Orc:2    | Bought a book of Minor Magic for 300 gold pieces
 33794 | Orc:2    | Learned a level 2 spell: Blink
 34170 | Snake:2  | Identified the +5 shield "Nytet" {*Corrode MR+++ Int+4
                  | SInv}
 34170 | Snake:2  | Noticed Asterion
 34837 | Snake:2  | Noticed Louise
 34862 | Snake:2  | Killed Louise
 34912 | Snake:2  | Received a gift from Okawaru
 34916 | Snake:2  | Identified the -3 centaur barding "Kateh" {Slay+2} (Okawaru
                  | gifted it to you on level 2 of the Snake Pit)
 35048 | Snake:2  | Got a translucent ring mail
 35292 | Snake:2  | Noticed Roxanne
 35431 | Snake:2  | Killed Asterion
 35556 | Snake:3  | Noticed a nagaraja
 35579 | Snake:3  | Killed a nagaraja
 36192 | Snake:3  | Reached skill level 12 in Fighting
 36192 | Snake:3  | Reached XP level 16. HP: 137/139 MP: 15/23
 36546 | Snake:3  | Reached skill level 5 in Translocations
 36895 | Snake:4  | Entered Level 4 of the Snake Pit
 36996 | Snake:4  | Found a frozen archway.
 37162 | IceCv    | Entered an ice cave
 37200 | IceCv    | Received a gift from Okawaru
 37211 | IceCv    | Identified the +2 ring mail of Perpetual Drought {SInv}
                  | (You found it on level 2 of the Snake Pit)
 37507 | IceCv    | Received a gift from Okawaru
 37521 | IceCv    | Noticed an Ice Fiend
 37573 | IceCv    | Killed an Ice Fiend
 37573 | IceCv    | Received a gift from Okawaru
 39463 | Snake:4  | Received a gift from Okawaru
 39567 | Snake:4  | Reached skill level 13 in Fighting
 39625 | Snake:4  | Received a gift from Okawaru
 39638 | Snake:4  | Reached XP level 17. HP: 149/149 MP: 1/24
 39788 | Snake:4  | Received a gift from Okawaru
 40239 | Snake:4  | Got a serpentine rune of Zot
 40659 | Shoals:1 | Entered Level 1 of the Shoals
 40678 | Shoals:1 | Received a gift from Okawaru
 40746 | Shoals:1 | Found a transporter.
 40791 | Shoals:1 | Received a gift from Okawaru
 40827 | Shoals:1 | Found the +3 pair of gauntlets of War {Slay+5}
 40830 | Shoals:1 | Found a transporter.
 41107 | Shoals:1 | Reached skill level 10 in Evocations
 41135 | Shoals:1 | Found Lotetar's Distillery.
 41174 | Shoals:1 | Received a gift from Okawaru
 41176 | Shoals:1 | Reached skill level 5 in Spellcasting
 42158 | Shoals:1 | Received a gift from Okawaru
 42664 | Shoals:2 | Reached skill level 14 in Fighting
 42714 | Shoals:2 | Found a runed translucent door.
 42714 | Shoals:2 | Found a shimmering altar of Xom.
 42714 | Shoals:2 | Noticed Jafont's ghost (journeyman HOFE)
 42718 | Shoals:2 | Identified the +4 broad axe "Belaso" {chaos, Int+6}
 43351 | Shoals:2 | Noticed a kraken
 43393 | Shoals:2 | Killed a kraken
 43713 | Shoals:3 | Identified the cursed +0 war axe "Wynun" {antimagic, rC++}
 43891 | Shoals:3 | Noticed Ilsuiw
 44368 | Shoals:3 | Killed Ilsuiw
 44615 | Shoals:3 | Noticed a kraken
 44657 | Shoals:3 | Reached XP level 18. HP: 143/162 MP: 25/25
 44709 | Shoals:3 | Found Anler's Jewellery Boutique.
 44740 | Shoals:3 | Bought the ring of Ofrimu {+Inv rElec MR+ MP-9 Int+2} for
                  | 469 gold pieces
 44848 | Shoals:3 | Received a gift from Okawaru
 44851 | Shoals:3 | Got a shimmering longbow {god gift}
 44857 | Shoals:3 | Reached skill level 15 in Fighting
 44862 | Shoals:3 | Identified the +11 longbow of Blood-Lust {freeze, rElec
                  | rC++ MR- Str+2} (Okawaru gifted it to you on level 3 of the
                  | Shoals)
 45447 | Shoals:3 | Found Anler's Jewellery Boutique.
 45844 | Shoals:4 | Entered Level 4 of the Shoals
 45847 | Shoals:4 | Got a barnacled rune of Zot
 46699 | Shoals:4 | Received a gift from Okawaru
 46931 | Shoals:4 | Noticed Polyphemus
 46942 | Shoals:4 | Killed Polyphemus
 46942 | Shoals:4 | Received a gift from Okawaru
 46945 | Shoals:4 | Identified the +8 longbow of Honour {velocity, rC+ Str+2}
                  | (Okawaru gifted it to you on level 4 of the Shoals)
 47467 | Shoals:4 | Identified the Almanac of Dusty Fire
 48001 | Shoals:1 | Bought a potion of haste for 130 gold pieces
 48001 | Shoals:1 | Bought a potion of haste for 130 gold pieces
 48397 | Shoals:1 | Bought a potion of magic for 104 gold pieces
 48397 | Shoals:1 | Bought a potion of heal wounds for 65 gold pieces
 48599 | D:12     | You paid a toll of 11 potions of heal wounds to enter a
                  | treasure trove
 48600 | Trove    | Entered a treasure trove
 48651 | D:12     | Got a pair of distressingly furry gloves
 48652 | D:12     | Identified the +0 pair of gloves "Acraymni" {rF- Int+5
                  | Dex+7} (You acquired it on level 12 of the Dungeon)
 48795 | D:13     | Learned a level 1 spell: Corona
 48921 | D:13     | Received a gift from Okawaru
 49641 | D:14     | Found a gate to the Vaults.
 50289 | D:15     | Entered Level 15 of the Dungeon
 50451 | D:15     | Found a gate leading to a gauntlet.
 50540 | Gauntlet | Entered a Gauntlet
 50540 | Gauntlet | Found a transporter.
 50540 | Gauntlet | Found a transporter.
 50558 | Gauntlet | Found a transporter.
 50560 | Gauntlet | Found a transporter.
 50570 | Gauntlet | Found a transporter.
 50591 | Gauntlet | Found the macabre finger necklace {rN+}
 50601 | Gauntlet | Found a transporter.
 50605 | Gauntlet | Identified the cursed +1 leather armour of the Lute {Regen+
                  | Str-4 Int+2}
 50607 | Gauntlet | Found a transporter.
 50626 | Gauntlet | Found a transporter.
 50647 | Gauntlet | Found a transporter.
 50664 | Gauntlet | Found a transporter.
 50672 | Gauntlet | Found a transporter.
 50692 | Gauntlet | Found a transporter.
 50843 | Gauntlet | Got a shimmering leather armour
 50882 | Gauntlet | Got a bound granite ring
 50892 | Gauntlet | Reached XP level 19. HP: 172/172 MP: 17/28
 50952 | Gauntlet | Reached skill level 16 in Fighting
 50968 | D:15     | Identified the ring of False Pretenses {Ice rElec} (You
                  | found it in a Gauntlet)
 51092 | D:15     | Reached skill level 5 in Dodging
 51339 | D:15     | Found a staircase to the Depths.
 51725 | Vaults:1 | Entered Level 1 of the Vaults
 51853 | Vaults:1 | Reached skill level 5 in Hexes
 51864 | Vaults:1 | Received a gift from Okawaru
 51906 | Vaults:1 | Identified the +0 leather armour of Omupp {+Fly MR++ Dex+3
                  | Slay+2} (You found it in a Gauntlet)
 52182 | Vaults:1 | Got a smoking pewter ring
 52183 | Vaults:1 | Identified the ring of Discord {Int+5 Slay+3} (You found it
                  | on level 1 of the Vaults)
 52674 | Vaults:1 | Found Boeryax's Gadget Shop.
 52750 | Vaults:1 | Received a gift from Okawaru
 53115 | Vaults:1 | Reached skill level 17 in Fighting
 53835 | Vaults:2 | Found Nierul's Antique Armour Shoppe.
 53845 | Vaults:2 | Bought a glowing scarf for 328 gold pieces
 54030 | Vaults:2 | Found a magical portal.
 54054 | WizLab   | Entered Zonguldrok's Shrine
 54627 | WizLab   | Received a gift from Okawaru
 54627 | WizLab   | Reached XP level 20. HP: 184/184 MP: 20/29
 54628 | WizLab   | Got a spiked hat {god gift}
 54639 | WizLab   | Identified the +0 hat of Resonance {*Slow rElec rCorr
                  | Dex+3} (Okawaru gifted it to you in a wizard's laboratory)
 54681 | WizLab   | Noticed an antique lich
 54688 | WizLab   | Killed an antique lich
 54693 | WizLab   | Found the +9 sword of Zonguldrok {reap}
 54709 | WizLab   | Learned a level 3 spell: Confuse
 55854 | Vaults:2 | Reached skill level 18 in Fighting
 57127 | Vaults:3 | Learned a level 1 spell: Summon Butterflies
 57198 | Vaults:3 | Reached skill level 1 in Summonings
 57201 | Vaults:3 | Received a gift from Okawaru
 57470 | Vaults:3 | Received a gift from Okawaru
 57556 | Vaults:3 | Found Zulohodi's Food Shop.
 57733 | Vaults:3 | Found Avilenle's Assorted Antiques.
 57741 | Vaults:3 | Bought a wooden ring for 210 gold pieces
 57797 | Vaults:3 | Reached skill level 10 in Dodging
 58042 | Vaults:3 | Found Gufi's Assorted Antiques.
 58239 | Vaults:3 | Found Lentestri's Food Shoppe.
 58293 | Vaults:3 | Found a staircase to the Crypt.
 58474 | Vaults:3 | Found Piungitt's Armour Boutique.
 59242 | Vaults:4 | Received a gift from Okawaru
 59469 | Vaults:4 | Reached skill level 19 in Fighting
 59533 | Vaults:4 | Reached XP level 21. HP: 198/198 MP: 21/30
 59578 | Vaults:4 | Received a gift from Okawaru
 59923 | Vaults:4 | Got a jewelled chain mail
 59924 | Vaults:4 | Identified the +1 chain mail "Gichub" {Str+5} (You acquired
                  | it on level 4 of the Vaults)
 61112 | Shoals:3 | Bought an uncursed ring of protection from magic for 375
                  | gold pieces
 61372 | Elf:1    | Entered Level 1 of the Elven Halls
 61452 | Elf:1    | Found a large runed translucent door.
 61453 | Elf:1    | Found a large runed translucent door.
 61454 | Elf:1    | Noticed SlowGraham's ghost (veteran FoEE)
 61907 | Elf:1    | Identified the +10 long sword "Egg" {slice, rElec rPois}
 61990 | Elf:1    | Received a gift from Okawaru
 62010 | Elf:1    | Identified the +1 broad axe of the Median {protect, Dex+2}
 62352 | Elf:1    | Found a huge runed gate.
 62352 | Elf:1    | Found a huge runed gate.
 62353 | Elf:1    | Found a huge runed gate.
 62353 | Elf:1    | Found a huge runed gate.
 62353 | Elf:1    | Found a huge runed gate.
 62353 | Elf:1    | Found a huge runed gate.
 62353 | Elf:1    | Found a huge runed gate.
 62354 | Elf:1    | Found a huge runed gate.
 62354 | Elf:1    | Found a huge runed gate.
 62360 | Elf:1    | Found a huge runed gate.
 62360 | Elf:1    | Found a huge runed gate.
 62360 | Elf:1    | Found a huge runed gate.
 62373 | Elf:1    | Found a huge runed gate.
 62373 | Elf:1    | Found a huge runed gate.
 62373 | Elf:1    | Found a huge runed gate.
 62373 | Elf:1    | Found a huge runed gate.
 62373 | Elf:1    | Found a huge runed gate.
 62373 | Elf:1    | Found a huge runed gate.
 62373 | Elf:1    | Found a huge runed gate.
 62374 | Elf:1    | Found a huge runed gate.
 62375 | Elf:1    | Found a huge runed gate.
 62376 | Elf:1    | Found a huge runed gate.
 62384 | Elf:1    | Found a huge runed gate.
 62384 | Elf:1    | Found a huge runed gate.
 62384 | Elf:1    | Found a huge runed gate.
 62384 | Elf:1    | Found a huge runed gate.
 62384 | Elf:1    | Found a huge runed gate.
 62384 | Elf:1    | Found a huge runed gate.
 62384 | Elf:1    | Found a huge runed gate.
 62385 | Elf:1    | Found a huge runed gate.
 62386 | Elf:1    | Found a huge runed gate.
 63001 | Elf:2    | Noticed Azrael
 63038 | Elf:2    | Killed Azrael
 63621 | Elf:2    | Received a gift from Okawaru
 63662 | Elf:2    | Found a runed translucent gate.
 63662 | Elf:2    | Found a runed translucent gate.
 63662 | Elf:2    | Found a runed translucent gate.
 63939 | Elf:3    | Entered Level 3 of the Elven Halls
 65586 | Elf:3    | Identified the ring "Gutibbu" {-Tele rN+ MP+9 Str+7 Stlth+}
 65620 | Elf:3    | Reached skill level 20 in Fighting
 65818 | Elf:3    | Identified the +6 rapier of the Two Names {flame, rN+}
 65818 | Elf:3    | Identified the ring of Edaenosh {rN+ Dex+4 Slay+4 Stlth-}
 65885 | Elf:3    | Received a gift from Okawaru
 66237 | Elf:3    | Identified the ring of Okob {Wiz rF+ Dex+8}
 66661 | Elf:3    | Reached XP level 22. HP: 209/209 MP: 22/31
 66847 | Elf:3    | Identified the cursed +1 ring mail of a volcano {Dex+4}
                  | (You found it on level 3 of the Elven Halls)
 66938 | Elf:3    | Found the +8 trident of the Octopus King {venom, rElec
                  | rPois MR+}
 66952 | Elf:3    | Identified Sif Muna's Incunabulum of the Earthen Snowflakes
 67234 | Depths:1 | Entered Level 1 of the Depths
 67774 | Depths:1 | Found Futhrius's Food Boutique.
 67776 | Depths:1 | Found Sidoutur's Book Shop.
 67778 | Depths:1 | Found Pothremm's Book Boutique.
 68167 | Depths:1 | Noticed Sojobo
 68426 | Depths:1 | Killed Sojobo
 68427 | Depths:1 | Reached skill level 21 in Fighting
 68656 | Depths:1 | Found a one-way gate to the infinite horrors of the Abyss.
 68712 | Depths:1 | Found a one-way gate leading to the halls of Pandemonium.
 68712 | Depths:1 | Gained mutation: You occasionally shout uncontrollably at
                  | your foes. [a neqoxec]
 68778 | Depths:1 | Received a gift from Okawaru
 68809 | Depths:1 | Found a glowing golden altar of the Shining One.
 69060 | Depths:1 | Found a gateway to Hell.
 69126 | Depths:1 | Found a sparkling altar of Nemelex Xobeh.
 69352 | Depths:2 | Received a gift from Okawaru
 69428 | Depths:2 | Noticed Saint Roka
 69437 | Depths:2 | Killed Saint Roka
 69649 | Depths:2 | Received a gift from Okawaru
 69667 | Depths:2 | Noticed a caustic shrike
 69692 | Depths:2 | Killed a caustic shrike
 69692 | Depths:2 | Received a gift from Okawaru
 69698 | Depths:2 | Reached skill level 22 in Fighting
 69707 | Depths:2 | Received a gift from Okawaru
 69822 | Depths:2 | Noticed a golden dragon
 69864 | Depths:2 | Received a gift from Okawaru
 69870 | Depths:2 | Killed a golden dragon
 70746 | Depths:3 | Noticed Xtahua
 70816 | Depths:3 | Noticed Nikola
 70895 | Depths:2 | Reached XP level 23. HP: 175/225 MP: 8/32
 71070 | Depths:3 | Killed Xtahua
 71070 | Depths:3 | Received a gift from Okawaru
 71392 | Depths:3 | Reached skill level 23 in Fighting
 71521 | Depths:3 | Noticed Frederick
 71536 | Depths:2 | Killed Nikola
 72193 | Depths:3 | Received a gift from Okawaru
 72211 | Depths:3 | Killed Frederick
 72382 | Depths:3 | Received a gift from Okawaru
 72722 | Depths:4 | Found a gateway to a ziggurat.
 73503 | Depths:4 | Received a gift from Okawaru
 73740 | Depths:4 | Received a gift from Okawaru
 74593 | Depths:4 | Found The Legendary Fosuhash's Legendary Smithy.
 74622 | Depths:4 | Found Reshra Qiecs's Slaves and Accessories.
 74687 | Depths:4 | Found Jack's Jerk-a-riffic Jerky.
 74761 | Depths:4 | Found Vatusku's Miraculous Elixirs.
 74769 | Depths:4 | Reached skill level 24 in Fighting
 74772 | Depths:4 | Reached skill level 15 in Dodging
 74848 | Depths:4 | Found a roughly hewn altar of Beogh.
 74860 | Depths:4 | Reached XP level 24. HP: 196/238 MP: 23/32
 75004 | Depths:4 | Found an ancient bone altar of Kikubaaqudgha.
 75018 | Depths:4 | Received a gift from Okawaru
 75124 | Depths:4 | Found a bloodstained altar of Trog.
 75308 | Depths:4 | Found a radiant altar of Vehumet.
 76453 | Depths:5 | Entered Level 5 of the Depths
 76481 | Depths:5 | Received a gift from Okawaru
 76485 | Depths:5 | Got a spiked chain mail {god gift}
 76491 | Depths:5 | Identified the +1 chain mail of the Raven {rF+ Regen+}
                  | (Okawaru gifted it to you on level 5 of the Depths)
 77716 | Depths:5 | Found a gate to the Realm of Zot.
 78306 | Depths:5 | Received a gift from Okawaru
 78659 | Shoals:1 | Bought a potion of mutation for 104 gold pieces
 78659 | Shoals:1 | Bought a potion of mutation for 104 gold pieces
 78659 | Shoals:1 | Bought a potion of mutation for 104 gold pieces
 79667 | Vaults:5 | Entered Level 5 of the Vaults
 80127 | Vaults:4 | Reached skill level 25 in Fighting
 81279 | Vaults:4 | Reached XP level 25. HP: 224/250 MP: 23/32
 81514 | Vaults:5 | Identified the ring "Ocarheab" {rPois MR+ Str+3}
 81670 | Vaults:5 | Received a gift from Okawaru
 81671 | Vaults:5 | Got an ancient hand crossbow {god gift}
 81672 | Vaults:5 | Identified the +9 hand crossbow of Niwurcha {velocity,
                  | rElec rPois rF- Dex+4} (Okawaru gifted it to you on level 5
                  | of the Vaults)
 81714 | Vaults:5 | Identified the ring "Tehocwoi" {+Fly rF+ rN++ MR- SInv}
 82289 | Vaults:5 | Identified the +5 morningstar of Truncation {pain, +Rage
                  | rPois rC+ Dex-2}
 82704 | Vaults:5 | Identified the +8 quarterstaff of the Head {venom, rC- rN+
                  | Dex+4}
 82965 | Vaults:5 | Identified the +0 long sword "Cyefea" {holy, rPois Str+3
                  | Int+5 Dex-2}
 82966 | Vaults:5 | Identified the +1 robe of Xabaq {Str-4 Int+2 Dex+3}
 82979 | Vaults:5 | Received a gift from Okawaru
 83085 | Vaults:5 | Got a silver rune of Zot
 83190 | Vaults:5 | Got a distressingly furry helmet
 83191 | Vaults:5 | Identified the +2 helmet of Least Resistance {-Cast rF+
                  | Int+4} (You found it on level 5 of the Vaults)
 83492 | Vaults:5 | Received a gift from Okawaru
 83678 | Vaults:5 | Reached skill level 26 in Fighting
 85536 | Vaults:1 | Bought a phantom mirror for 390 gold pieces
 85667 | Vaults:3 | Bought a steaming leather armour for 294 gold pieces
 85667 | Vaults:3 | Bought a phantom mirror for 1260 gold pieces
 85667 | Vaults:3 | Identified the +2 leather armour of Greed {Int+2} (You
                  | bought it in a shop on level 3 of the Vaults)
 85982 | Depths:4 | Bought a potion of mutation for 400 gold pieces
 85982 | Depths:4 | Bought a potion of mutation for 400 gold pieces
 85982 | Depths:4 | Bought a potion of mutation for 400 gold pieces
 85982 | Depths:4 | Bought 2 potions of mutation for 800 gold pieces
 86088 | Zot:1    | Entered Level 1 of the Realm of Zot
 86265 | Zot:1    | Received a gift from Okawaru
 87567 | Zot:2    | Noticed an orb of fire
 87567 | Zot:2    | Gained mutation: You are frail. (-10% HP) [an orb of fire]
 87721 | Zot:2    | Received a gift from Okawaru
 87726 | Zot:2    | Got a translucent helmet {god gift}
 87985 | Zot:2    | Reached XP level 26. HP: 194/234 MP: 22/33
 88236 | Zot:2    | Identified the +4 dragonskin cloak
 88236 | Zot:2    | Noticed Tiamat
 88927 | Zot:2    | Killed Tiamat
 89041 | Zot:2    | Reached skill level 15 in Armour
 89115 | Zot:1    | Identified the +0 helmet of Greed {rF+ rC+} (Okawaru gifted
                  | it to you on level 2 of the Realm of Zot)
 89489 | Zot:2    | Killed an orb of fire
 89700 | Zot:2    | You fall through a shaft!
 89705 | Zot:3    | Received a gift from Okawaru
 89727 | Zot:3    | Noticed an orb of fire
 89732 | Zot:3    | Gained mutation: Your magical capacity is low. (-10% MP)
                  | [an orb of fire]
 89743 | Zot:3    | Killed an orb of fire
 91103 | Zot:3    | Learned a level 5 spell: Summon Mana Viper
 91409 | Zot:4    | Identified the Almanac of Black Magic and Snow
 91867 | Zot:4    | Learned a level 2 spell: Passwall
 92137 | Zot:4    | Reached skill level 5 in Summonings
 92195 | Zot:3    | Reached skill level 1 in Earth Magic
 92422 | Zot:4    | Reached skill level 1 in Transmutations
 92424 | Zot:4    | Received a gift from Okawaru
 92440 | Zot:4    | Reached XP level 27. HP: 221/243 MP: 2/30
 92617 | Zot:3    | Received a gift from Okawaru
 92682 | Zot:4    | Received a gift from Okawaru
 93158 | Zot:4    | Got a transparent cloak
 93159 | Zot:4    | Identified the +1 cloak of Misanthropy {rC+} (You found it
                  | on level 4 of the Realm of Zot)
 93535 | Zot:5    | Entered Level 5 of the Realm of Zot
 93972 | Zot:5    | Received a gift from Okawaru
 94888 | Zot:5    | Reached skill level 27 in Fighting
 94888 | Zot:5    | Reached skill level 5 in Earth Magic
 94899 | Zot:5    | Reached skill level 5 in Transmutations
 94934 | Zot:4    | Learned a level 3 spell: Regeneration
 94965 | Zot:5    | Noticed an orb of fire
 95187 | Zot:5    | Noticed an ancient lich
 95225 | Zot:5    | Killed an ancient lich
 95568 | Zot:5    | Noticed an orb of fire
 95574 | Zot:5    | Gained mutation: You are clumsy. (Dex -2) [an orb of fire]
 95575 | Zot:5    | Gained mutation: You sometimes yell uncontrollably at your
                  | foes. [an orb of fire]
 95576 | Zot:5    | Gained mutation: You frequently scream uncontrollably at
                  | your foes. [an orb of fire]
 95580 | Zot:4    | Gained mutation: Scrolls take you a little longer to read.
                  | [an orb of fire]
 95585 | Zot:4    | Killed an orb of fire
 95585 | Zot:4    | Received a gift from Okawaru
 95910 | Zot:4    | Lost mutation: You are clumsy. (Dex -2) [potion of
                  | mutation]
 95910 | Zot:4    | Lost mutation: You are frail. (-10% HP) [potion of
                  | mutation]
 95910 | Zot:4    | Lost mutation: Scrolls take you a little longer to read.
                  | [potion of mutation]
 95910 | Zot:4    | Gained mutation: Your spells are a little harder to cast,
                  | but a little more powerful. [potion of mutation]
 95910 | Zot:4    | Gained mutation: Your mind is acute. (Int +2) [potion of
                  | mutation]
 95929 | Zot:5    | Noticed an ancient lich
 95933 | Zot:5    | Killed an ancient lich
 95933 | Zot:5    | Received a gift from Okawaru
 95964 | Zot:5    | Reached skill level 10 in Summonings
 95978 | Zot:5    | Noticed an orb of fire
 95993 | Zot:5    | Gained mutation: Scrolls take you a little longer to read.
                  | [an orb of fire]
 95998 | Zot:5    | Gained mutation: You tend to lose your temper in combat.
                  | [an orb of fire]
 96002 | Zot:5    | Killed an orb of fire
 96009 | Zot:5    | Lost mutation: Your mind is acute. (Int +2) [an orb of
                  | fire]
 96013 | Zot:5    | Gained mutation: Scrolls take you longer to read. [an orb
                  | of fire]
 96020 | Zot:4    | Killed an orb of fire
 96029 | Zot:4    | Lost mutation: You tend to lose your temper in combat.
                  | [potion of mutation]
 96029 | Zot:4    | Lost mutation: Your magical capacity is low. (-10% MP)
                  | [potion of mutation]
 96029 | Zot:4    | Gained mutation: Your magical capacity is low. (-10% MP)
                  | [potion of mutation]
 96029 | Zot:4    | Gained mutation: Your magical capacity is very low. (-20%
                  | MP) [potion of mutation]
 96029 | Zot:4    | Gained mutation: You are partially covered in icy blue
                  | scales. (AC +2) [potion of mutation]
 96030 | Zot:4    | Lost mutation: You frequently scream uncontrollably at your
                  | foes. [potion of mutation]
 96030 | Zot:4    | Lost mutation: Scrolls take you longer to read. [potion of
                  | mutation]
 96030 | Zot:4    | Gained mutation: You are resistant to electric shocks.
                  | (rElec) [potion of mutation]
 96030 | Zot:4    | Gained mutation: You expend magic power (3 MP) to
                  | strengthen your wands. [potion of mutation]
 96031 | Zot:4    | Lost mutation: You are resistant to electric shocks.
                  | (rElec) [potion of mutation]
 96031 | Zot:4    | Lost mutation: Your spells are a little harder to cast, but
                  | a little more powerful. [potion of mutation]
 96031 | Zot:4    | Gained mutation: You are robust. (+10% HP) [potion of
                  | mutation]
 96031 | Zot:4    | Gained mutation: Your movements are slightly less
                  | encumbered by armour. (ER -2) [potion of mutation]
 96032 | Zot:4    | Lost mutation: You sometimes yell uncontrollably at your
                  | foes. [potion of mutation]
 96032 | Zot:4    | Lost mutation: Scrolls take you a little longer to read.
                  | [potion of mutation]
 96032 | Zot:4    | Gained mutation: You have sharp fingernails. [potion of
                  | mutation]
 96032 | Zot:4    | Gained mutation: Your mind is acute. (Int +2) [potion of
                  | mutation]
 96362 | Zot:5    | Noticed an ancient lich
 96369 | Zot:5    | Killed an ancient lich
 96401 | Zot:5    | Noticed an ancient lich
 96407 | Zot:5    | Killed an ancient lich
 96407 | Zot:5    | Received a gift from Okawaru
 97204 | Zot:5    | Noticed an ancient lich
 97250 | Zot:5    | Killed an ancient lich
 97331 | Zot:5    | Noticed an ancient lich
 97355 | Zot:5    | Killed an ancient lich
 97556 | Zot:5    | Noticed an ancient lich
 97574 | Zot:5    | Killed an ancient lich
 97574 | Zot:5    | Reached skill level 10 in Hexes
102581 | Zot:5    | Got the Orb of Zot
102678 | Zot:1    | Noticed Bomned the pandemonium lord
102742 | Depths:2 | Noticed Cyla the pandemonium lord
102770 | D:15     | Noticed Dulaat the pandemonium lord
103122 | D:$      | Escaped with the Orb!

Skill      XL: |  1  2  3  4  5  6  7  8  9 10 11 12 13 14 15 16 17 18 19 20 21 22 23 24 25 26 27 |
---------------+----------------------------------------------------------------------------------+-----
Bows           | 6 8 9 10 12 14 15 18 20 | 20.0
Short Blades   | 1 |  1.0
Armour         | 2 3 4 5 8 10 11 12 13 14 15 | 15.5
Invocations    | 2 5 6 8 9 |  9.6
Fighting       | 3 5 6 7 9 10 12 13 14 15 17 19 20 22 24 25 26 27 | 27.0
Evocations     | 3 5 6 8 9 10 12 13 14 | 14.1
Necromancy     | 3 5 |  5.0
Spellcasting   | 2 4 5 |  5.0
Translocations | 3 4 7 |  7.7
Hexes          | 4 6 10 | 10.8
Dodging        | 4 8 10 11 13 15 16 17 18 | 18.0
Summonings     | 3 5 12 | 12.1
Earth Magic    | 1 7 |  7.9
Transmutations | 1 7 |  7.9
Stealth        | |  0.4

Action                   |  1- 3 |  4- 6 |  7- 9 | 10-12 | 13-15 | 16-18 | 19-21 | 22-24 | 25-27 || total
-------------------------+-------+-------+-------+-------+-------+-------+-------+-------+-------++-------
Melee: Short sword       |    87 |    15 |       |       |       |       |       |       |       ||   102
       Kick              |    20 |     2 |    93 |    26 |    32 |     1 |     1 |       |       ||   175
       Trident           |       |       |   228 |    32 |    57 |     1 |       |       |       ||   318
       Dagger            |       |       |   229 |   101 |       |       |       |       |       ||   330
       Longbow           |       |       |       |       |       |       |     2 |       |     1 ||     3
 Fire: Shortbow          |    35 |   130 |   187 |    69 |       |       |       |       |       ||   421
       Longbow           |       |       |       |   430 |  1195 |  1401 |  1611 |  1668 |  1538 ||  7843
       Fustibalus        |       |       |       |       |     1 |     1 |    12 |       |       ||    14
 Cast: Animate Skeleton  |       |       |       |       |    86 |   157 |   150 |   172 |    67 ||   632
       Apportation       |       |       |       |       |     6 |     7 |       |       |     1 ||    14
       Portal Projectile |       |       |       |       |     5 |    76 |    43 |    47 |    15 ||   186
       Corona            |       |       |       |       |       |       |     2 |     1 |     1 ||     4
       Blink             |       |       |       |       |       |       |       |     1 |       ||     1
       Summon Butterflie |       |       |       |       |       |       |       |       |     6 ||     6
       Summon Mana Viper |       |       |       |       |       |       |       |       |     8 ||     8
       Regeneration      |       |       |       |       |       |       |       |       |     1 ||     1
       Passwall          |       |       |       |       |       |       |       |       |     1 ||     1
Invok: Heroism           |       |       |     3 |     8 |    14 |     7 |     7 |    10 |    10 ||    59
       Finesse           |       |       |       |     1 |     5 |     4 |     2 |     4 |     6 ||    22
 Abil: Stop Flying       |       |       |       |       |       |     3 |       |       |       ||     3
       Evoke Flight      |       |       |       |       |       |     3 |       |       |       ||     3
       Evoke Invisibilit |       |       |       |       |       |     2 |       |     2 |     7 ||    11
Evoke: Wand              |       |       |       |     7 |    28 |     3 |       |     1 |     9 ||    48
       Phantom mirror    |       |       |       |       |     1 |       |       |       |       ||     1
       Fan of gales      |       |       |       |       |       |       |       |       |     1 ||     1
  Use: Scroll            |     2 |     5 |     5 |    20 |    13 |    18 |    11 |     6 |    24 ||   104
       Potion            |       |     2 |       |     2 |     6 |       |       |     1 |     9 ||    20
  Eat: Chunk             |     3 |     4 |    15 |    32 |    17 |    22 |    26 |    16 |     5 ||   140
       Ration            |       |       |     2 |       |     6 |     9 |     5 |    10 |    17 ||    49
Armor: Leather armour    |     6 |       |       |       |    89 |   232 |   173 |   306 |    17 ||   823
       Scale mail        |    47 |    26 |   198 |       |       |       |       |       |       ||   271
       Chain mail        |       |       |     9 |   193 |    77 |       |       |       |       ||   279
       Fire dragon scale |       |       |       |       |       |       |       |       |   531 ||   531
Dodge: Dodged            |    27 |    12 |   139 |    73 |   167 |   158 |   105 |   492 |   502 ||  1675
Block: Other             |       |       |       |     4 |    29 |    55 |    59 |   117 |     2 ||   266
       Reflection        |       |       |       |       |     1 |    20 |    22 |    17 |     1 ||    61
